 Dungeon Crawl Stone Soup version 0.23.1 (webtiles) character file.

Game seed: 3909511603263079289

182 Borgoz the Sneak (level 5, -2/38 HPs)
             Began as a Ghoul Enchanter on Mar 14, 2019.
             Was an Initiate of Ashenzari.
             Killed by divine providence
             ... invoked by an orc priest
              (12 damage)
             ... on level 5 of the Dungeon.
             The game lasted 00:06:59 (3165 turns).

Borgoz the Sneak (Ghoul Enchanter)                  Turns: 3165, Time: 00:06:59

Health: -2/38      AC:  3    Str: 12      XL:     5   Next: 62%
Magic:  0/7        EV: 12    Int: 10      God:    Ashenzari [......]
Gold:   62         SH:  0    Dex:  8 (10) Spells: 2/8 levels left

rFire    . . .     SeeInvis .   a - +1 dagger
rCold    + . .     Gourm    .   (no shield)
rNeg     + + +     Faith    .   b - +0 leather armour (curse)
rPois    ∞         Spirit   .   (no helmet)
rElec    .         Reflect  .   (no cloak)
rCorr    .         Harm     .   (no gloves)
MR       .....                  (no boots)
Stlth    ++........             (no amulet)
HPRegen  0.00/turn              (no ring)
MPRegen  0.10/turn              (no ring)

@: very slightly contaminated, rotting
A: rotting body, claws 1, carnivore, cold resistance 1, negative energy
resistance 3, inhibited regeneration, torment resistance, unbreathing
a: Curse Item, Renounce Religion


You were on level 5 of the Dungeon.
You worshipped Ashenzari.
Ashenzari was noncommittal.
You were not hungry.

You visited 1 branch of the dungeon, and saw 5 of its levels.

You collected 62 gold pieces.

Inventory:

Hand Weapons
 a - a +1 dagger (weapon)
Missiles
 f - 24 poisoned needles
Armour
 b - a cursed +0 leather armour (worn)
Scrolls
 g - a scroll of fear
 j - 2 scrolls of remove curse
Comestibles
 d - 5 rations
 k - 2 chunks of flesh


   Skills:
 * Level 2.6 Short Blades
 + Level 1.4 Armour
 + Level 2.4 Dodging
 + Level 4.1 Stealth
 + Level 2.3 Spellcasting
 + Level 2.9 Hexes


You had 2 spell levels left.
You knew the following spells:

 Your Spells              Type           Power        Failure   Level  Hunger
a - Corona                Hex            #......      12%         1    ##.....
b - Ensorcelled Hibernat  Hex/Ice        #.....       32%         2    ###....
c - Confuse               Hex            #.......     34%         3    ####...

Your spell library contained the following spells:

 Spells                   Type           Power        Failure   Level  Hunger
 Tukima's Dance           Hex            #.......     34%         3    ####...
 Dazzling Spray           Conj/Hex       #.....       54%         3    ####...


Dungeon Overview and Level Annotations

Branches:
Dungeon (5/15)
 Temple: D:4-7

Altars:
Ashenzari
Cheibriados

Annotations:
D:3 1 runed translucent door, Grinder; Natasha; redwoodhats's ghost, amateur BaFi
D:4 Eustachio


Innate Abilities, Weirdness & Mutations

Your body is rotting away.
You thrive on raw meat.
You are immune to poison.
You have sharp fingernails.
You are carnivorous and can eat meat at any time.
Your flesh is cold resistant. (rC+)
You are immune to negative energy. (rN+++)
You do not regenerate when monsters are visible.
You are immune to unholy pain and torment.
You can survive without breathing.


Message History

Aiming: Ensorcelled Hibernation (safe; 32% risk of failure)
Press: ? - help, Shift-Dir - straight line, f - orc priest
Aim: an orc priest (chance to defeat MR: 36%)
You miscast Ensorcelled Hibernation.
You are very lightly contaminated with residual magic.
You feel off-balance for a moment.
A jackal comes into view.
The orc priest hits you.
* * * LOW HITPOINT WARNING * * *
Casting: Ensorcelled Hibernation (safe; 32% risk of failure)
Confirm with . or Enter, or press ? or * to list all spells.
Aiming: Ensorcelled Hibernation (safe; 32% risk of failure)
Press: ? - help, Shift-Dir - straight line, f/p - orc priest
Aim: an orc priest (chance to defeat MR: 36%)
You miscast Ensorcelled Hibernation.
Frost spreads across the stone staircase leading up.
A jackal comes into view.
The orc priest mumbles some strange prayers to Beogh against you.
Beogh smites you!
You die... .# .# .# ##o# ##oh# who

#o#
#@#
#.#
#h#
...
#$#
#.#
#.#
#.#


You could see an orc priest, an orc wizard, a dart slug, 2 orcs and 3 jackals.

Vanquished Creatures
  A worker ant (D:2)
  A worker ant zombie (D:2)
  3 gnolls (D:2)
  5 adders (D:2)
  An ooze (D:2)
  5 dart slugs
  3 leopard geckos
  A ball python (D:3)
  8 bats
  2 giant cockroaches
  6 goblins
  5 hobgoblins
  6 jackals
  4 kobolds
  2 quokkas (D:2)
  4 frilled lizards
  5 rats
62 creatures vanquished.

Notes
Turn   | Place    | Note
-------+----------+-------------------------------------------
     0 | D:1      | Borgoz the Ghoul Enchanter began the quest for the Orb.
     0 | D:1      | Reached XP level 1. HP: 14/14 MP: 2/2
    18 | D:1      | Reached skill level 1 in Short Blades
   301 | D:1      | Reached XP level 2. HP: 16/20 MP: 3/3
   791 | D:1      | Reached XP level 3. HP: 18/26 MP: 4/4
  1660 | D:2      | Found a shattered altar of Ashenzari.
  1799 | D:2      | Reached XP level 4. HP: 12/33 MP: 6/6
  2012 | D:2      | Reached skill level 1 in Armour
  2032 | D:2      | Became a worshipper of Ashenzari the Shackled
  2248 | D:2      | Learned a level 2 spell: Ensorcelled Hibernation
  2252 | D:2      | Learned a level 3 spell: Confuse
  2319 | D:2      | Reached skill level 4 in Stealth
  2319 | D:2      | Reached XP level 5. HP: 30/38 MP: 0/7
  2936 | D:3      | Found a runed translucent door.
  2936 | D:3      | Found a snail-covered altar of Cheibriados.
  2936 | D:3      | Noticed redwoodhats's ghost (amateur BaFi)
  2948 | D:3      | Noticed Grinder
  3026 | D:3      | Noticed Natasha
  3124 | D:4      | Noticed Eustachio
  3125 | D:4      | Noticed an ogre
  3132 | D:4      | Noticed a slave
  3158 | D:5      | Entered Level 5 of the Dungeon
  3165 | D:5      | Killed from afar by an orc priest

Skill      XL: |  1  2  3  4 |
---------------+-------------+-----
Short Blades   | 1 2 |  2.6
Dodging        | 2 |  2.4
Spellcasting   | 2 |  2.3
Armour         | 1 |  1.4
Stealth        | 4 |  4.1
Hexes          | |  2.9

Action                   |  1- 3 |  4- 6 || total
-------------------------+-------+-------++-------
Melee: Dagger            |   137 |   149 ||   286
 Cast: Ensorcelled Hiber |       |     8 ||     8
       Corona            |       |     1 ||     1
  Use: Potion            |     1 |     5 ||     6
       Scroll            |     1 |     3 ||     4
 Stab: Sleeping          |     7 |     5 ||    12
  Eat: Chunk             |     7 |    10 ||    17
Armor: Robe              |    18 |       ||    18
       Leather armour    |    14 |    30 ||    44
Dodge: Dodged            |    77 |    90 ||   167
